 Dungeon Crawl Stone Soup version 0.32-a0-999-gfa1cc04b1d (webtiles) character file.

Game seed: 856852460303270711

1160 GiantSquids the Covert (level 8, -3/56 HPs)
             Began as an Octopode Delver on Apr 25, 2024.
             Slain by a yak (8 damage)
             ... on level 5 of the Dungeon.
             The game lasted 00:09:20 (3552 turns).

GiantSquids the Covert (Octopode Delver)            Turns: 3552, Time: 00:09:20

Health: -3/56      AC:  5    Str: 11    XL:     8   Next: 39%
Magic:  8/8        EV: 12    Int: 13    God:
Gold:   226        SH:  0    Dex: 19    Spells: 7/7 levels left

rFire   . . .        r - +10 hand axe of the Several Friends {flame, ^Fragile Dex+4}
rCold   + . .        (no shield)
rNeg    . . .        (helmet restricted)
rPois   .            t - amulet of regeneration
rElec   .            s - ring of protection from cold
rCorr   .            v - +4 ring of protection
SInv    .            (no ring)
Will    .....        (no ring)
Stlth   +++++        (no ring)
HPRegen 1.09/turn    (no ring)
MPRegen 0.11/turn    (no ring)
                     (no ring)

%: no passive effects
@: no status effects
A: almost no armour, amphibious, 8 rings, camouflage 1, gelatinous body 1,
(nimble swimmer 1), tentacles
a: no special abilities


You were on level 5 of the Dungeon.
You visited 1 branch of the dungeon, and saw 5 of its levels.

You collected 226 gold pieces.

Inventory:

Hand Weapons
 a - a +0 short sword
 r - the +10 hand axe of the Several Friends (weapon) {flame, ^Fragile Dex+4}
   (You found it on level 2 of the Dungeon)

   Dex+4:     It affects your dexterity (+4).
   ^Fragile:  It will be destroyed if unequipped.
Missiles
 k - 41 stones (quivered)
Armour
 z - a +2 kite shield
Jewellery
 g - a ring of ice
 s - a ring of protection from cold (left tentacle)
 t - an amulet of regeneration (around mantle)
 v - a +4 ring of protection (right tentacle)
Wands
 f - a wand of digging (3)
 w - a wand of flame (43)
Scrolls
 b - 2 scrolls of fog
 c - a scroll of revelation
 d - a scroll of fear
 h - 5 scrolls of identify {unknown}
 i - a scroll of enchant weapon {unknown}
 n - a scroll of amnesia {unknown}
 u - a scroll of blinking {unknown}
 x - a scroll of noise {unknown}
 y - a scroll of teleportation {unknown}
Potions
 e - a potion of haste
 j - a potion of lignification {unknown}
 l - 3 potions of heal wounds {unknown}
 m - 3 potions of curing {unknown}
 o - a potion of degeneration {unknown}
 p - 2 potions of brilliance {unknown}
 q - 2 potions of invisibility {unknown}


   Skills:
 + Level 5.4 Fighting
 * Level 7.5 Short Blades
 - Level 2.0 Dodging
 + Level 9.3 Stealth


You had 7 spell levels left.
You didn't know any spells.
Your spell library contained the following spells:

 Spells                   Type           Power      Damage    Failure   Level
 Foxfire                  Conj/Fire      0%         2x1d4     30%         1
 Magic Dart               Conj           0%         1d3       30%         1
 Summon Small Mammal      Summ           0%         N/A       30%         1
 Blink                    Tloc           0%         N/A       43%         2
 Call Imp                 Summ           0%         N/A       43%         2
 Call Canine Familiar     Summ           0%         N/A       67%         3
 Summon Blazeheart Golem  Fire/Summ      0%         N/A       97%         4
 Plasma Beam              Fire/Air       0%         2x1d10    100%        6
 Starburst                Conj/Fire      0%         6d3       100%        6


Dungeon Overview and Level Annotations

Branches:
Dungeon (5/15)
 Temple: D:4-7

Altars:
Okawaru
Sif Muna
Zin

Shops:
D:3 *


Innate Abilities, Weirdness & Mutations

You cannot wear most types of armour.
You are amphibious.
You can wear up to eight rings at the same time.
Your skin changes colour to match your surroundings (Stealth+).
Your rubbery body absorbs attacks. (AC +1, EV +1)
((You are camouflaged when in or above water. (Stealth+)))
You have tentacles for arms and can constrict up to eight enemies at once.


Message History

You hit the yak. You burn the yak.
You kill the yak!
Your Fighting skill increases to level 5!
You have reached level 8!
You slash the yak! You burn the yak. Your squeeze misses the yak.
The yak is moderately wounded.
The yak gores you.
You slash the yak! You burn the yak.
The yak is heavily wounded.
The yak gores you. The yak closely misses you.
You slash the yak! You burn the yak.
You kill the yak!
Your Short Blades skill increases to level 7!
Your Stealth skill increases to level 9!
You hit the yak. You burn the yak.
The yak is lightly wounded.
The yak gores you but does no damage.
You slash the yak! You burn the yak.
The yak is moderately wounded.
The yak gores you but does no damage. The yak gores you!
You hit the yak. You burn the yak. You squeeze the yak.
The yak is severely wounded.
The yak gores you!
You hit the yak. You burn the yak.
The yak is severely wounded.
The yak closely misses you.
You hit the yak. You burn the yak. Your squeeze misses the yak.
The yak is almost dead.
The yak barely misses you. The yak gores you!
* * * LOW HITPOINT WARNING * * *
You slash the yak! You burn the yak.
You kill the yak!
You slash the yak! You burn the yak. You squeeze the yak.
The yak is moderately wounded.
The yak gores you!
* * * LOW HITPOINT WARNING * * *
You slash the yak! You burn the yak. You squeeze the yak.
The yak is almost dead.
The yak gores you!
You die...

#######
###......!
#....>...Y
.......Y.
.........
#.......Y
#Y...Y..Y
#Y# #@# #.#
###.# #...#
#.### #.#
########)##
#......)..#
#.#####..##


You could see 2 yaks.

Vanquished Creatures
  3 yaks (D:5)
  2 scorpions (D:4)
  A gnoll sergeant (D:4)
  Crazy Yiuf (D:2)
  Ijyb (D:5)
  3 iguanas (D:4)
  A sleepcap (D:4)
  2 orc wizards (D:5)
  Natasha (thrice) (D:3)
  10 adders
  8 gnolls (D:4)
  2 ribbon worms (D:3)
  A dart slug (D:1)
  3 orcs
  8 ball pythons
  7 bats
  9 endoplasms
  2 giant cockroaches (D:1)
  9 goblins
  8 hobgoblins
  4 jackals (D:1)
  4 kobolds
  4 quokkas (D:1)
  5 frilled lizards
  8 rats
109 creatures vanquished.

Notes
Turn   | Place    | Note
-------+----------+-------------------------------------------
     0 | D:5      | GiantSquids the Octopode Delver began the quest for the
                  | Orb.
     0 | D:5      | Reached XP level 1. HP: 16/16 MP: 1/1
    10 | D:5      | Noticed Ijyb
    21 | D:5      | Killed Ijyb
    22 | D:5      | Reached XP level 2. HP: 19/21 MP: 2/2
    22 | D:5      | Reached XP level 3. HP: 23/26 MP: 3/3
   127 | D:4      | Reached XP level 4. HP: 2/31 MP: 4/4
   375 | D:2      | Reached skill level 7 in Stealth
   801 | D:1      | Reached XP level 5. HP: 31/36 MP: 5/5
   985 | D:1      | Found a faded altar of an unknown god.
  1563 | D:2      | Found an iron altar of Okawaru.
  1623 | D:2      | Found a runed translucent door.
  1624 | D:2      | Noticed Crazy Yiuf
  1631 | D:2      | Killed Crazy Yiuf
  1692 | D:2      | Identified the +10 hand axe of the Several Friends {flame,
                  | ^Fragile Dex+4}
  1991 | D:3      | Found a shimmering blue altar of Sif Muna.
  2241 | D:3      | Found Vahe's Assorted Antiques.
  2252 | D:3      | Noticed Natasha
  2277 | D:3      | Killed Natasha
  2343 | D:3      | Reached skill level 5 in Short Blades
  2343 | D:3      | Reached XP level 6. HP: 38/43 MP: 6/6
  2622 | D:3      | Noticed Natasha
  2631 | D:3      | Killed Natasha
  2670 | D:3      | Noticed Natasha
  2674 | D:3      | Killed Natasha
  2825 | D:4      | Found a glowing silver altar of Zin.
  3029 | D:4      | Reached skill level 8 in Stealth
  3048 | D:4      | Reached XP level 7. HP: 48/48 MP: 7/7
  3530 | D:5      | Noticed a yak
  3530 | D:5      | Noticed a yak
  3531 | D:5      | Noticed a yak
  3531 | D:5      | Noticed a yak
  3531 | D:5      | Noticed a yak
  3541 | D:5      | Killed a yak
  3542 | D:5      | Reached skill level 5 in Fighting
  3542 | D:5      | Reached XP level 8. HP: 44/55 MP: 8/8
  3544 | D:5      | Killed a yak
  3545 | D:5      | Reached skill level 9 in Stealth
  3550 | D:5      | Killed a yak
  3552 | D:5      | Slain by a yak

Illustrated notes

Levels and vault maps discovered:
D:1:      evilmike_arrival_crescent, layout_basic,
          dreamdust_ecumenical_altar_sealed_demon, dk_noncrumbling_4,
          feat_on_display
D:2:      layout_basic, basic_altar, uniq_crazy_yiuf_cottage
D:3:      minmay_skewed_foursquare, layout_basic, mainiacjoe_overflow_alcove_1,
          serial_shops, nicolae_shop_tiny_waterfront, uniq_natasha
D:4:      layout_basic, overflow_temple_1_default
D:5:      layout_basic, lemuel_tele_altar, nicolae_overflow_hidden_temple,
          moated_statue, uniq_ijyb

Skill      XL: |  1  2  3  4  5  6  7  8 |
---------------+-------------------------+-----
Short Blades   | 3 4 5 6 7 |  7.5
Stealth        | 7 8 9 |  9.3
Fighting       | 4 5 |  5.4
Dodging        | |  2.0

Action                     |  1- 3 |  4- 6 |  7- 9 || total
---------------------------+-------+-------+-------++-------
  Melee: Short sword       |    23 |    63 |       ||    86
         Tentacles         |     5 |    19 |     8 ||    32
         Constrict         |     3 |    25 |     6 ||    34
         Hand axe          |       |    45 |    46 ||    91
   Stab: Sleeping          |     2 |    36 |     3 ||    41
 Armour: Skin              |     6 |    36 |    31 ||    73
  Dodge: Dodged            |     8 |    36 |    30 ||    74

Table legend: (Time is in decaauts)
 A = Elapsed time spent in this place.
 B = Non-inter-level travel time spent in this place.
 C = Inter-level travel time spent in this place.
 D = Time resting spent in this place.
 E = Time spent auto-exploring this place.
 F = Levels seen in this place.
 G = Mean time per level.
                   A        B        C        D        E       F      G
               +--------+--------+--------+--------+--------+-----+--------+
         Total |   3566 |   3439 |    127 |     92 |   2424 |   5 |  713.2 |
       Dungeon |   3566 |   3439 |    127 |     92 |   2424 |   5 |  713.2 |
               +--------+--------+--------+--------+--------+-----+--------+

Top non-repeatable levels by time:
     D:4: 973 daAuts
     D:3: 866 daAuts
     D:1: 854 daAuts
     D:2: 765 daAuts
     D:5: 106 daAuts
